 Dungeon Crawl Stone Soup version 0.17-a0-1719-g1afd5a1 (webtiles) character file.

17355 kroki the Cleaver (level 12, -11/84 HPs)
             Began as a High Elf Berserker on Aug 27, 2015.
             Was the Champion of Trog.
             Mangled by a blue devil (17 damage)
             ... summoned by an orc high priest
             ... on level 4 of the Orcish Mines.
             The game lasted 00:31:26 (17542 turns).

kroki the Cleaver (High Elf Berserker)             Turns: 17542, Time: 00:31:26

Health: -11/84     AC: -4    Str: 20    XL:     12   Next: 18%
Magic:  0/13       EV: 13    Int: 10    God:    Trog [******]
Gold:   1094       SH:  0    Dex: 25    Spells: 0 memorised, 11 levels left

rFire  + . .     SeeInvis .     H - +8 battleaxe (vamp) {!w}
rCold  . . .     Clarity  .     a - +1 plate armour {rF+}
rNeg   . . .     SustAt   .     (no shield)
rPois  .         Gourm    .     K - +0 helmet
rElec  .         Spirit   +     u - +1 cloak
rCorr  .         Warding  .     D - +2 pair of gloves {Dex+3}
rMut   .         Stasis   .     p - +1 pair of boots {Stlth+}
MR     +++..                    w - amulet of guardian spirit {Spirit}
Stlth  ..........               q - +1 ring of evasion
                                h - +4 ring of strength

@: lethally poisoned (-11 -> -22), weakened, corroded equipment, regenerating,
extremely resistant to hostile enchantments, extremely unstealthy
A: no striking features
a: Burn Spellbooks, Berserk, Trog's Hand, Brothers in Arms, Renounce Religion


You were on level 4 of the Orcish Mines.
You worshipped Trog.
Trog was exalted by your worship.
You were not hungry.

You visited 2 branches of the dungeon, and saw 14 of its levels.

You collected 2128 gold pieces.
You spent 1034 gold pieces at shops.

Inventory:

Hand weapons
 H - a +8 vampiric battleaxe (weapon) {!w}
   (Trog gifted it to you on level 10 of the Dungeon)
Missiles
 n - a throwing net {=f, !d}
Armour
 a - a +1 plate armour of fire resistance (worn)
   (You took it off an orc warrior on level 4 of the Orcish Mines)
 p - a +1 pair of boots of stealth (worn)
   (You found it on level 2 of the Dungeon)
 u - a +1 cloak (worn)
   (You found it on level 7 of the Dungeon)
 v - the +2 ring mail "Geugh" {rElec rPois MP+9 Int-2}
   (You bought it in a shop on level 8 of the Dungeon)

   It affects your intelligence (-2).
   It insulates you from electricity.
   It protects you from poison.
   It affects your magic capacity (+9).
 D - a +2 pair of gloves of dexterity (worn)
   (You bought it in a shop on level 8 of the Dungeon)
 K - a +0 helmet (worn)
   (You found it on level 10 of the Dungeon)
Jewellery
 h - a +4 ring of strength (left hand)
   (You found it on level 5 of the Dungeon)
 q - a +1 ring of evasion (right hand)
   (You found it on level 8 of the Dungeon)
 w - an amulet of guardian spirit (around neck) {Spirit}
   (You found it on level 8 of the Dungeon)
Magical devices
 m - a wand of disintegration (14)
   (You found it on level 6 of the Dungeon)
 x - a wand of digging (8)
   (You found it on level 6 of the Dungeon)
 y - a wand of fireball (11)
   (You found it on level 10 of the Dungeon)
 z - a wand of confusion (12)
   (You found it on level 8 of the Dungeon)
 E - a wand of polymorph (14)
   (You found it on level 8 of the Dungeon)
 I - a wand of magic darts (21)
   (You found it on level 9 of the Dungeon)
Scrolls
 d - 5 scrolls of magic mapping {!r}
 e - 5 scrolls of remove curse
Potions
 b - a potion of cure mutation {unknown}
 f - 4 potions of curing
 g - 2 potions of lignification {!q}
 i - 2 potions of haste
 k - 2 potions of beneficial mutation {unknown}
 o - 3 potions of flight {unknown}
 r - a potion of might
 A - 3 potions of agility
 G - 3 potions of brilliance {unknown}
Miscellaneous
 F - a plain deck of wonders
   (You found it on level 9 of the Dungeon)
Comestibles
 c - 5 bread rations {@e1}
 j - 7 meat rations {@e2}
 l - 7 chunks of flesh {@w0}
 C - 10 royal jellies


   Skills:
 + Level 8.6 Fighting
 * Level 12.7 Axes
 + Level 7.2 Armour
 + Level 8.6 Dodging


You had 11 spell levels left.
You didn't know any spells.

Dungeon Overview and Level Annotations

Branches:
Dungeon (10/15)            Temple (0/1) D:5             Orc (4/4) D:9
    Elf (0/3) Orc:3
   Lair: D:8-11

Altars:
Cheibriados
Dithmenos
Gozag
Kikubaaqudgha
Makhleb
Nemelex Xobeh
Ru
Trog
Xom
The Shining One
Beogh

Shops:
D:6 *   D:8 :[((!   Orc:1 **   Orc:2 *


Message History

You are too injured to fight recklessly!
Unknown command.
You are too injured to fight recklessly!
Unknown command.
The orc shouts!
You hit the orc. You slash the rust devil! You slash the orc warrior!
You slash the orc high priest!
You feel better. The orc closely misses you. The rust devil hits you.
The rust devil corrodes you! The orange demon stings you from afar.
You are poisoned.
The orange demon poisons you!
You feel your attacks grow feeble.
You closely miss the orc high priest. You slash the orc warrior!
You kill the orc warrior!
Trog accepts your kill.
You closely miss the rust devil. You hit the orc.
You feel better.
You feel very sick. The orc high priest closely misses you.
The orc barely misses you. The rust devil closely misses you.
The orange demon stings you but does no damage.
An orc warrior comes into view. It is wielding a glaive of chopping.
You now have 9/13 mp.
The orc warrior shouts!
You hit the rust devil but do no damage.
You hit the orc but do no damage. You slash the orc high priest!
You feel sick.
The orc high priest hits you with a long sword.
The rust devil hits you. The rust devil corrodes you!
The orc closely misses you.
The orange demon stings you but does no damage.
An orc warrior comes into view. It is wielding a scimitar.
You closely miss the orc high priest.
The orc warrior shouts!
You hit the orc but do no damage.
You hit the rust devil but do no damage.
You feel sick. The rust devil hits you. The rust devil corrodes you!
The orc high priest barely misses you. The orc hits you but does no damage.
The orange demon stings you from afar!
An orc warrior comes into view. It is wielding a scimitar.
You take 22 damage, and have 46/84 hp.
MASSIVE DAMAGE!!
You now have 8/13 mp.
You are too injured to fight recklessly!
You closely miss the orc high priest. You closely miss the rust devil.
You closely miss the orc.
You feel sick.
The orc warrior shouts!
The rust devil hits you. The rust devil corrodes you!
The orc high priest invokes the aid of Beogh against you.
You resist with significant effort. The orc hits you with a club!
The orange demon barely misses you.
Unknown command.
You take 13 damage, and have 33/84 hp.
You now have 5/13 mp.
You are too injured to fight recklessly!
You closely miss the orc high priest.
You hit the rust devil but do no damage.
You hit the orc but do no damage.
You feel sick. The rust devil hits you. The rust devil corrodes you!
The orc high priest hits you with a long sword.
* * * LOW HITPOINT WARNING * * *
The orange demon stings you from afar!
* * * LOW HITPOINT WARNING * * *
You are lethally poisoned!
The orange demon poisons you!
You feel as though you will be weak longer.
The orc hits you with a club.
An orc warrior comes into view. It is wielding a battleaxe.
You take 16 damage, and have 17/84 hp.
You now have 2/13 mp.
Unknown command.
Read which item? (? for menu, Esc to quit)
As you read the scroll of fear, it crumbles to dust.
You assume a fearsome visage.
The rust devil is unaffected.
The orange demon is unaffected.
The orc looks frightened!
The orc high priest looks frightened!
The orc looks frightened!
The orc warrior looks frightened!
The orc warrior looks frightened! x2
The orc warrior resists with some effort.
* * * LOW HITPOINT WARNING * * *
You feel very sick. The rust devil hits you.
* * * LOW HITPOINT WARNING * * *
The rust devil corrodes you!
The orc warrior pleads, "Please!
I have a lot of children!"
The orc warrior moves out of view.
The orc pleads, "Why can't we all just get along?"
The orc high priest pleads, "Please don't kill me!"
The orc high priest mumbles some strange prayers to Beogh.
The orange demon misses you.
An orc priest comes into view.
You take 6 damage, and have 11/84 hp.
Okay, then.
Your skin crawls.
You feel resistant to hostile enchantments.
You feel slightly more hungry.
* * * LOW HITPOINT WARNING * * *
You feel very sick.
The orc priest shouts!
The rust devil barely misses you. The orange demon stings you from afar.
* * * LOW HITPOINT WARNING * * *
The blue devil hits you!!
You die...

#..#)))#..#
#.#..#.#.#..
#.........##
##...#####[)
#...#...#...#
##.## ###..
#...........##
### ##....
#....#...#....#
###.....
#.............#
##.#.....
#....#...#....#
#...#....
#........)4...#
##.......
#....#...#@)..#
##......
#.......).4.##
##......
...#..o#4..#
##.#.....
...oo...o##
##........
..#.. #..#
##.#.......
#o..o ..##
##..........
###o ###
#...#....... .o
#....#..)...
#........#..


You could see an orc knight (wandering), an orc high priest (fleeing), an orange
demon, a rust devil, a blue devil, 3 orc warriors, an orc priest and 2 orcs.

Vanquished Creatures
  The ghost of Zebura the Warrior, a powerful OgHu of Okawaru (Orc:4)
  Snorg (Orc:3)
  Urug (Orc:1)
  An orc knight (Orc:4)
  An orc sorcerer (Orc:2)
  A polar bear (D:9)
  Prince Ribbit (D:7)
  3 trolls
  A trapdoor spider (D:10)
  4 yaks (D:10)
  Grum (D:9)
  A steam dragon (D:10)
  4 wargs
  Menkaure (D:7)
  The ghost of flad the Zephyrmancer, an average TeAE (D:4)
  A water moccasin (D:10)
  4 wolves (D:9)
  3 black bears
  5 ice beasts (D:9)
  A phantom (D:8)
  25 orc warriors
  2 sky beasts (D:10)
  The ghost of KambridgeKobold the Magician, an average DsWz (D:3)
  14 ogres
  6 centaurs
  6 big kobolds
  6 giant frogs
  A gnoll sergeant (D:4)
  4 scorpions
  13 killer bees
  4 crimson imps
  A centaur zombie (D:8)
  3 jellies (D:8)
  A wasp zombie (D:9)
  A wyvern simulacrum (D:9)
  3 electric eels (D:9)
  2 giant frog skeletons
  A giant frog zombie (D:5)
  A quasit (D:6)
  39 orc priests
  25 orc wizards
  5 hounds
  3 iguanas
  6 worker ants
  A hound zombie (D:8)
  A worker ant zombie (D:6)
  50 gnolls
  14 adders
  A shadow imp (D:7)
  2 ufetubi (D:9)
  5 oozes (D:8)
  3 worms
  6 giant geckos
  155 orcs
  10 giant cockroaches
  7 goblins
  14 hobgoblins
  18 jackals
  59 kobolds
  5 quokkas
  A ball python (D:3)
  9 bats
  2 giant cockroach zombies (D:5)
  A giant gecko simulacrum (D:9)
  A giant gecko skeleton (D:4)
  4 giant newts
  8 rats
587 creatures vanquished.

Vanquished Creatures (collateral kills)
  An orc knight (Orc:3)
  An orc sorcerer (Orc:3)
  A warg (Orc:3)
  An orc (Orc:3)
4 creatures vanquished.

Vanquished Creatures (others)
  A plant (D:4)
1 creature vanquished.

Grand Total: 592 creatures vanquished

Notes
Turn   | Place    | Note
--------------------------------------------------------------
     0 | D:1      | kroki the High Elf Berserker began the quest for the Orb.
     0 | D:1      | Reached XP level 1. HP: 16/16 MP: 2/2
   225 | D:1      | Reached XP level 2. HP: 21/21 MP: 3/3
   294 | D:1      | Reached skill level 3 in Axes
   650 | D:1      | Acquired Trog's second power
   723 | D:2      | Reached XP level 3. HP: 22/26 MP: 4/4
  1295 | D:2      | Found a sparkling altar of Nemelex Xobeh.
  1574 | D:2      | Reached skill level 4 in Axes
  1574 | D:2      | Reached XP level 4. HP: 26/31 MP: 5/5
  2153 | D:3      | Noticed KambridgeKobold's ghost (average DsWz)
  2162 | D:3      | Killed KambridgeKobold's ghost
  2162 | D:3      | Reached skill level 5 in Axes
  2162 | D:3      | Reached XP level 5. HP: 36/36 MP: 6/6
  2735 | D:3      | Noticed a big kobold
  2744 | D:3      | Killed a big kobold
  3005 | D:3      | Reached XP level 6. HP: 40/42 MP: 7/7
  3016 | D:3      | Noticed a big kobold
  3032 | D:3      | Killed a big kobold
  3032 | D:3      | Reached skill level 6 in Axes
  3115 | D:3      | Noticed a big kobold
  3124 | D:3      | Acquired Trog's third power
  3124 | D:3      | Killed a big kobold
  3190 | D:3      | Noticed a big kobold
  3207 | D:3      | Killed a big kobold
  3262 | D:3      | Reached XP level 7. HP: 46/46 MP: 8/8
  4184 | D:4      | Reached skill level 7 in Axes
  4351 | D:4      | Found a snail-covered altar of Cheibriados.
  4618 | D:4      | Noticed flad's ghost (average TeAE)
  4984 | D:4      | Killed flad's ghost
  4984 | D:4      | Reached skill level 8 in Axes
  4984 | D:4      | Reached XP level 8. HP: 52/52 MP: 9/9
  5832 | D:4      | Reached skill level 9 in Axes
  6566 | D:4      | Noticed a hill giant
  6911 | D:4      | Received a gift from Trog
  6947 | D:5      | Entered Level 5 of the Dungeon
  7070 | D:5      | Reached skill level 2 in Armour
  7262 | D:5      | Reached skill level 3 in Dodging
  7328 | D:5      | Found a staircase to the Ecumenical Temple.
  7402 | D:5      | Reached XP level 9. HP: 34/57 MP: 10/10
  7912 | D:5      | Found a bloodstained altar of Trog.
  8015 | D:6      | Found Winoycih's General Store.
  8023 | D:6      | Bought a potion of might for 40 gold pieces
  8023 | D:6      | Bought a potion of invisibility for 80 gold pieces
  8023 | D:6      | Bought a potion of heal wounds for 50 gold pieces
  8222 | D:6      | Reached skill level 4 in Fighting
  8223 | D:6      | Reached skill level 3 in Armour
  8333 | D:6      | Reached skill level 4 in Dodging
  8378 | D:6      | Found a sacrificial altar of Ru.
  8970 | D:6      | Reached skill level 10 in Axes
  9341 | D:7      | Noticed Menkaure
  9361 | D:6      | HP: 14/59 [poisoned by a killer bee]
  9366 | D:6      | HP: 10/59 [poisoned by a killer bee]
  9372 | D:6      | HP: 7/59 [poisoned by a killer bee]
  9379 | D:6      | HP: 6/59 [poisoned by a killer bee]
  9781 | D:7      | HP: 14/59 [poisoned by a kobold]
  9786 | D:7      | HP: 11/59 [poisoned by a kobold]
  9791 | D:7      | HP: 13/59 [poisoned by a kobold]
 10253 | D:7      | Reached skill level 5 in Dodging
 10265 | D:7      | Noticed Prince Ribbit
 10430 | D:7      | Killed Menkaure
 10430 | D:7      | Reached skill level 4 in Armour
 10457 | D:7      | Reached skill level 5 in Fighting
 10483 | D:7      | Killed Prince Ribbit
 10560 | D:7      | Reached XP level 10. HP: 28/66 MP: 11/11
 10817 | D:7      | Received a gift from Trog
 11317 | D:8      | Found Mab Jeusch's Antique Armour Boutique.
 11340 | D:8      | Bought a twisted scale mail for 216 gold pieces
 11340 | D:8      | Bought a pair of runed gloves for 108 gold pieces
 11350 | D:8      | Identified the cursed +1 scale mail of Okawaru's Esteem {rF+} (You bought it in a shop on level 8 of the Dungeon)
 11418 | D:8      | Found Besiaq's Book Shop.
 11943 | D:8      | Found a shadowy altar of Dithmenos.
 11946 | D:8      | Found an ancient bone altar of Kikubaaqudgha.
 11949 | D:8      | Found a glowing golden altar of the Shining One.
 12120 | D:8      | Found an opulent altar of Gozag.
 12161 | D:8      | Found Amaenn's Antique Weapon Shoppe.
 12403 | D:8      | Found Xawo's Weapon Shop.
 12622 | D:8      | Found Iwnetoil's Distillery.
 12651 | D:8      | Bought a faintly humming ring mail for 216 gold pieces
 12662 | D:8      | Identified the +2 ring mail "Geugh" {rElec rPois MP+9 Int-2} (You bought it in a shop on level 8 of the Dungeon)
 12798 | D:9      | Reached skill level 5 in Armour
 12821 | D:9      | Reached skill level 11 in Axes
 12823 | D:9      | Reached skill level 6 in Dodging
 12827 | D:9      | Reached skill level 6 in Fighting
 13148 | D:9      | Noticed Grum
 13157 | D:9      | Killed Grum
 13312 | D:9      | Found a shimmering altar of Xom.
 13312 | D:9      | Found a shimmering altar of Xom.
 13367 | D:9      | Found a staircase to the Orcish Mines.
 13987 | D:10     | Entered Level 10 of the Dungeon
 14119 | D:10     | Reached XP level 11. HP: 68/74 MP: 12/12
 14374 | D:10     | Received a gift from Trog
 14381 | D:10     | Reached skill level 7 in Dodging
 14801 | Orc:1    | Entered Level 1 of the Orcish Mines
 14806 | Orc:1    | Reached skill level 6 in Armour
 14816 | Orc:1    | Reached skill level 7 in Fighting
 14891 | Orc:1    | Found Soubbog's General Store.
 14909 | Orc:1    | Bought a scroll of magic mapping for 49 gold pieces
 15069 | Orc:1    | Found Codaf's Assorted Antiques.
 15074 | Orc:1    | Bought a blue potion for 26 gold pieces
 15074 | Orc:1    | Bought a scroll labeled WOCWYCE WAULEGO for 29 gold pieces
 15074 | Orc:1    | Bought a blue potion for 26 gold pieces
 15074 | Orc:1    | Bought a glowing white potion for 26 gold pieces
 15108 | Orc:2    | Found Wiff's Assorted Antiques.
 15138 | Orc:2    | Bought 2 scrolls of magic mapping for 168 gold pieces
 15146 | Orc:2    | Found a burning altar of Makhleb.
 15447 | Orc:2    | Received a gift from Trog
 15721 | Orc:1    | Found a runed door.
 15734 | Orc:1    | Received a gift from Trog
 15867 | Orc:1    | Noticed Urug
 15875 | Orc:1    | Killed Urug
 15875 | Orc:1    | Reached skill level 12 in Axes
 15929 | Orc:1    | Found a roughly hewn altar of Beogh.
 16044 | Orc:3    | Noticed Snorg
 16158 | Orc:3    | HP: 11/76 [Snorg (13)]
 16277 | Orc:3    | Killed Snorg
 16350 | Orc:3    | Found a staircase to the Elven Halls.
 16426 | Orc:3    | Found a roughly hewn altar of Beogh.
 16720 | Orc:2    | Reached skill level 8 in Fighting
 16722 | Orc:2    | Reached skill level 8 in Dodging
 16863 | Orc:4    | Entered Level 4 of the Orcish Mines
 16872 | Orc:4    | Noticed Zebura's ghost (powerful OgHu)
 16894 | Orc:4    | Killed Zebura's ghost
 16894 | Orc:4    | Reached skill level 7 in Armour
 16894 | Orc:4    | Reached XP level 12. HP: 84/84 MP: 13/13
 16911 | Orc:4    | kroki: whats up
 16919 | Orc:4    | pipel: heya
 16919 | Orc:4    | kroki: hi
 16919 | Orc:4    | pipel: unusual character
 16949 | Orc:4    | Received a gift from Trog
 16959 | Orc:4    | kroki: i am trying to win every possible berserker
 16993 | Orc:4    | kroki: fucking died OpBe today after 60k turns
 16993 | Orc:4    | kroki: +9 am evening star, shield of resistance
 16993 | Orc:4    | kroki: and otehr stuff
 16993 | Orc:4    | pipel: awful
 16993 | Orc:4    | kroki: in two turns by orb spider
 16993 | Orc:4    | kroki: whod know these fucks hit up to 60 damage
 16993 | Orc:4    | kroki: had it been 59
 16993 | Orc:4    | kroki: id survive
 16993 | Orc:4    | kroki: cause i was taking stairs up
 16993 | Orc:4    | kroki: so yeah fuck me
 16993 | Orc:4    | pipel: i feel your pain
 17040 | Orc:4    | pipel: i know what that is :(
 17188 | Orc:4    | HP: 21/84 [orc priest/divine providence (11)]
 17189 | Orc:4    | kroki: oops
 17189 | Orc:4    | kroki: too many priests
 17331 | Orc:4    | pipel: do you have any plan for mube?
 17362 | Orc:4    | kroki: yeah
 17362 | Orc:4    | kroki: my plan for mube
 17362 | Orc:4    | kroki: was to win it as my fist mummy
 17362 | Orc:4    | kroki: half year ago
 17362 | Orc:4    | kroki: \o/
 17524 | Orc:4    | kroki: nice mick win i am jelly
 17527 | Orc:4    | Noticed an orc high priest
 17540 | Orc:4    | HP: 17/84 [orange demon[an orc high priest] (7)]
 17541 | Orc:4    | pipel: it could probably be a playable combo if it could berserk
 17542 | Orc:4    | HP: 6/84 [orange demon[an orc high priest] (4)]
 17542 | Orc:4    | Mangled by a blue devil

Vault maps used:
D:1:      lightli_arrival_lavapool, st_stairs_6, corexii_corridor_pit
D:2:      nicolae_overflow_crystal_walls
D:3:      minmay_goblin_kobold_castle
D:4:      lemuel_castle_with_subvaults, lemuel_coloured_pillars_altar
D:5:      kennysheep_six_static_rooms, minmay_temple_entry_statues, first_bread,
          bloody_trog
D:6:      serial_shops, shop, nicolae_ru_path_of_blood
D:7:      uniq_menkaure, uniq_prince_ribbit1
D:8:      grunt_temple_overflow_diamond, serial_shops, kennysheep_mini_moat,
          shop, shop_fountains, shop, nicolae_shop_behind_doors,
          nrook_loot_triangle, hangedman_little_slice_of_home,
          nicolae_gozag_cash_rules_everything_around_me
D:9:      xom_redecorated, david_orc_3, serial_ice, serial_ice_f, serial_ice_g,
          serial_ice_c, serial_ice_j, minivault_5, uniq_grum
Orc:1:    serial_shops, shop, nicolae_shop_behind_doors,
          lightli_church_of_beogh, uniq_urug
Orc:2:    serial_shops, shop_fountains, abandoned_shop, bloody_makhleb
Orc:3:    nicolae_orc_pool_cavern, mines1_david, uniq_snorg
Orc:4:    st_orc_pillars

Action                   |  1- 3 |  4- 6 |  7- 9 | 10-12 || total
-------------------------+-------+-------+-------+-------++-------
Melee: Hand axe          |   109 |   165 |   332 |       ||   606
       Battleaxe         |       |       |   185 |   580 ||   765
Invok: Berserk           |     1 |     6 |    17 |     6 ||    30
       Trog's Hand       |       |       |     2 |     4 ||     6
       Burn Spellbooks   |       |       |       |     2 ||     2
       Brothers in Arms  |       |       |       |     1 ||     1
  Use: Scroll            |     5 |     3 |     7 |    16 ||    31
       Potion            |       |       |       |     3 ||     3
 Stab: Sleeping          |       |       |       |     5 ||     5
       Distracted        |       |       |       |     1 ||     1
       Invisible         |       |       |       |     2 ||     2
  Eat: Chunk             |     3 |     6 |    31 |    23 ||    63
       Beef jerky        |       |     1 |     1 |     2 ||     4
       Bread ration      |       |     1 |       |     1 ||     2
       Royal jelly       |       |       |     1 |       ||     1
       Fruit             |       |       |     7 |     4 ||    11
       Pizza             |       |       |     1 |       ||     1

Vault maps used:
D:1:      lightli_arrival_lavapool, st_stairs_6, corexii_corridor_pit
D:2:      nicolae_overflow_crystal_walls
D:3:      minmay_goblin_kobold_castle
D:4:      lemuel_castle_with_subvaults, lemuel_coloured_pillars_altar
D:5:      kennysheep_six_static_rooms, minmay_temple_entry_statues, first_bread,
          bloody_trog
D:6:      serial_shops, shop, nicolae_ru_path_of_blood
D:7:      uniq_menkaure, uniq_prince_ribbit1
D:8:      grunt_temple_overflow_diamond, serial_shops, kennysheep_mini_moat,
          shop, shop_fountains, shop, nicolae_shop_behind_doors,
          nrook_loot_triangle, hangedman_little_slice_of_home,
          nicolae_gozag_cash_rules_everything_around_me
D:9:      xom_redecorated, david_orc_3, serial_ice, serial_ice_f, serial_ice_g,
          serial_ice_c, serial_ice_j, minivault_5, uniq_grum
Orc:1:    serial_shops, shop, nicolae_shop_behind_doors,
          lightli_church_of_beogh, uniq_urug
Orc:2:    serial_shops, shop_fountains, abandoned_shop, bloody_makhleb
Orc:3:    nicolae_orc_pool_cavern, mines1_david, uniq_snorg
Orc:4:    st_orc_pillars

Table legend:
 A = Turns spent in this place as a percentage of turns spent in the entire game.
 B = Non-inter-level travel turns spent in this place as a percentage of non-inter-level travel turns spent in the entire game.
 C = Inter-level travel turns spent in this place as a percentage of turns spent in this place.
 D = Turns resting spent in this place as a percentage of non-inter-level travel turns spent in this place.
 E = Turns spent auto-exploring this place as a percentage of non-inter-level travel turns spent in this place.
 F = Non-inter-level travel turns spent in this place divided by the number of levels of this place that you've seen.
                   A       B       C       D       E      F
               +-------+-------+-------+-------+-------+----------------------
         Total | 100.0 | 100.0 |   0.6 |   3.8 |   7.6 | 464.0
       Dungeon |  74.8 |  74.9 |   0.5 |   4.6 |   7.4 | 486.6
  Orcish Mines |  25.2 |  25.1 |   0.9 |   1.2 |   8.0 | 407.5
               +-------+-------+-------+-------+-------+----------------------

Table legend:
 A = Kills in this place as a percentage of kills in entire the game.
 B = Kills by you in this place as a percentage of kills by you in the entire game.
 C = Kills by friends in this place as a percentage of kills by friends in the entire game.
 D = Other kills in this place as a percentage of other kills in the entire game.
 E = Experience gained in this place as a percentage of experience gained in the entire game.
 F = Experience gained in this place divided by the number of levels of this place that you have seen.
                   A       B       C       D       E      F
               +-------+-------+-------+-------+-------+----------------------
         Total | 100.0 | 100.0 | 100.0 |  -nan | 100.0 | 1770.9
       Dungeon |  65.5 |  65.9 |   0.0 |  -nan |  50.3 | 1247.4
  Orcish Mines |  34.5 |  34.1 | 100.0 |  -nan |  49.7 | 3079.8
               +-------+-------+-------+-------+-------+----------------------
